 Dungeon Crawl Stone Soup version 0.30-a0-989-g0d87f670db (webtiles) character file.

Game seed: 10250701639531891809

128 GloriousHammer the Ruffian (level 4, -1/45 HPs)
             Began as a Troll Fighter on Apr 3, 2023.
             Slain by a black bear (4 damage)
             ... on level 4 of the Dungeon.
             The game lasted 00:06:01 (2234 turns).

GloriousHammer the Ruffian (Troll Fighter)          Turns: 2234, Time: 00:06:01

Health: -1/45      AC:  4    Str: 24    XL:     4   Next: 86%
Magic:  3/3        EV:  8    Int:  6    God:
Gold:   42         SH:  8    Dex:  9    Spells: 3/3 levels left

rFire   . . .      SeeInvis .      - Unarmed
rCold   . . .      Faith    .    b - +0 kite shield
rNeg    . . .      Spirit   .    a - +0 robe
rPois   .          Reflect  .    (helmet restricted)
rElec   .          Rampage  .    (no cloak)
rCorr   .                        (gloves unavailable)
Will    .....                    (boots unavailable)
Stlth   +                        (no amulet)
HPRegen 1.07/turn                (no ring)
MPRegen 0.08/turn                (no ring)

@: studying Staves
A: large, unfitting armour, claws 3, regeneration 1, shaggy fur 1, tough skin 1
a: no special abilities


You were on level 4 of the Dungeon.
You visited 1 branch of the dungeon, and saw 4 of its levels.

You collected 237 gold pieces.
You spent 195 gold pieces at shops.

Inventory:

Hand Weapons
 i - a +2 sling of flaming
Missiles
 e - 11 boomerangs (quivered)
 w - 2 atropa-tipped darts
Armour
 a - a +0 robe (worn)
 b - a +0 kite shield (worn)
Scrolls
 d - 3 scrolls of enchant weapon {unknown}
 j - 3 scrolls of teleportation {unknown}
 k - a scroll of brand weapon {unknown}
 o - 6 scrolls of identify {unknown}
 q - 2 scrolls of blinking {unknown}
 r - a scroll of fear {unknown}
 u - a scroll of immolation {unknown}
 v - a scroll of noise {unknown}
 x - a scroll of magic mapping {unknown}
Potions
 c - a potion of might
 f - 8 potions of curing
 g - a potion of haste {unknown}
 h - 2 potions of berserk rage {unknown}
 l - a potion of flight
 m - 2 potions of brilliance {unknown}
 n - a potion of lignification {unknown}
 p - 3 potions of heal wounds {unknown}
 s - a potion of resistance {unknown}
 t - a potion of invisibility


   Skills:
 + Level 3.1 Fighting
 - Level 2.4 Dodging
 + Level 3.4 Shields
 * Level 3.8 Unarmed Combat


You had 3 spell levels left.
You didn't know any spells.
Your spell library contained the following spells:

 Spells                   Type           Power      Damage    Failure   Level
 Slow                     Hex            0%         N/A       75%         1
 Confusing Touch          Hex            0%         N/A       98%         3
 Portal Projectile        Hex/Tloc       0%         N/A       98%         3
 Tukima's Dance           Hex            0%         N/A       98%         3
 Vampiric Draining        Necr           0%         2d6       98%         3
 Blade Hands              Tmut           0%         N/A       100%        5


Dungeon Overview and Level Annotations

Branches:
Dungeon (4/15)
 Temple: D:4-7

Altars:
Trog

Shops:
D:1 !


Innate Abilities, Weirdness & Mutations

You are too large for most types of armour.
You have claws for hands.
Your natural rate of healing is unusually fast.
You are covered in fur. (AC +1)
You have tough skin. (AC +1)


Message History

There is a stone staircase leading up here.
(D) Dungeon
Where to? (Enter - D:2, ? - help)
There is a stone staircase leading down here.
You climb downwards.
There is a stone staircase leading up here.
(D) Dungeon
Where to? (Enter - D:3, ? - help)
There is a stone staircase leading down here.
You climb downwards.
The goblin shouts!
Found a scroll labelled VIDUERHIK, a robe and a viscous pink potion.
Found a stone staircase leading down.
There is a stone staircase leading up here.
There are monsters nearby!
You scratch the giant cockroach.
The giant cockroach is almost dead.
The giant cockroach bites you but does no damage.
The goblin hits you with a +0 dagger.
You claw the giant cockroach!
You kill the giant cockroach!
The goblin barely misses you.
You scratch the goblin but do no damage.
You block the goblin's attack.
You scratch the goblin.
The goblin is moderately wounded.
The goblin hits you with a +0 dagger.
You scratch the goblin.
You kill the goblin!
No target in view!
u - a scroll labelled VIDUERHIK
Found a pair of boots.
m - 2 viscous pink potions (gained 1)
Found a stone staircase leading up.
Found a leather armour.
You see here a +1 spectral quarterstaff.
v - a scroll labelled LIOTEKHESHIMP
f - 7 potions of curing (gained 1)
You open the door.
There is an open door here.
You pick up a manual of Staves and begin studying.
You open the door.
A worm and a kobold come into view.
Found a twisted runed staff, 9 stones and 2 atropa-tipped darts.
There are monsters nearby!
Found three items.
There is an open door here.
You closely miss the kobold. The kobold hits you but does no damage.
You barely miss the kobold. You block the kobold's attack.
You claw the kobold!
You kill the kobold!
Things that are here:
a +0 short sword; a stone; a kobold corpse You barely miss the worm.
The worm bites you.
You claw the worm!
The worm is almost dead.
The worm bites you.
You claw the worm!
You kill the worm!
There is an open door here.
You see here a worm corpse.
Found a granite ring, a short sword and 8 stones.
You see here 9 stones.
w - 2 atropa-tipped darts
f - 8 potions of curing (gained 1)
x - a scroll labelled ZUODIE UBLUDDO An orc comes into view.
It is wielding a +0 whip.
The orc shouts!
A black bear comes into view.
The black bear growls angrily.
There is an open door here.
You see here a worm corpse.
Things that are here:
a +0 short sword; a stone; a kobold corpse You barely miss the orc.
You block the orc's attack.
You barely miss the orc. The orc hits you with a +0 whip.
You mangle the orc!!
You kill the orc!
The black bear bites you. The black bear claws you.
You block the black bear's attack.
You closely miss the black bear. The black bear bites you.
The black bear claws you. You block the black bear's attack.
You scratch the black bear.
The black bear is lightly wounded.
The black bear closely misses you.
The black bear claws you but does no damage.
The black bear claws you.
You claw the black bear!
The black bear is almost dead.
The black bear goes berserk!
You closely miss the black bear.
The black bear is severely wounded.
The black bear bites you. The black bear claws you. x2
You barely miss the black bear.
The black bear is severely wounded.
The black bear bites you! The black bear claws you.
You block the black bear's attack. The black bear bites you!
* * * LOW HITPOINT WARNING * * *
The black bear claws you.
You die...

## ...######### ...........#
...........# ####### #
##.........# #.....# #
#.....(...# #.....# #
#.........##########.....######
+.........†).h@..........'.....
#.....|...##########.....######
#................ ####### #...
............=.... #...
........[.h...... #...
................. ######...
............)(.. #.[......
................ #........
.........####### #......).


You could see a black bear (berserk).

Vanquished Creatures
  3 adders
  A gnoll (D:1)
  A worm (D:4)
  A dart slug (D:1)
  An orc (D:4)
  5 bats
  8 endoplasms
  4 giant cockroaches
  3 goblins
  5 hobgoblins
  13 jackals
  9 kobolds
  5 quokkas
  6 ball pythons
  4 frilled lizards
  11 rats
80 creatures vanquished.

Vanquished Creatures (others)
  3 plants (D:1)
3 creatures vanquished.

Grand Total: 83 creatures vanquished

Notes
Turn   | Place    | Note
-------+----------+-------------------------------------------
     0 | D:1      | GloriousHammer the Troll Fighter began the quest for the
                  | Orb.
     0 | D:1      | Reached XP level 1. HP: 22/22 MP: 0/0
   107 | D:1      | Reached XP level 2. HP: 29/29 MP: 1/1
   171 | D:1      | Found Hiexaq's Distillery.
   426 | D:1      | Reached XP level 3. HP: 36/36 MP: 2/2
   810 | D:2      | Reached XP level 4. HP: 44/44 MP: 3/3
  1449 | D:1      | Bought a potion of flight for 39 gold pieces
  1449 | D:1      | Bought a potion of degeneration for 13 gold pieces
  1449 | D:1      | Bought a potion of curing for 39 gold pieces
  1698 | D:3      | Found a bloodstained altar of Trog.
  2071 | D:1      | Bought a potion of invisibility for 104 gold pieces
  2215 | D:4      | Noticed a black bear
  2234 | D:4      | Slain by a black bear

Illustrated notes

Levels and vault maps discovered:
D:1:      eino_arrival_cavern_a, layout_basic, serial_shops, shop,
          serial_bayou_crossing
D:2:      layout_basic, kennysheep_potato
D:3:      layout_rooms, trog_three_pillars_becter, supply_closet_lemuel
D:4:      layout_basic, grunt_ministairs_2, uniq_ijyb

Skill      XL: |  1  2  3  4 |
---------------+-------------+-----
Shields        | 3 |  3.4
Unarmed Combat | 3 |  3.8
Fighting       | 3 |  3.1
Dodging        | |  2.4

Action                     |  1- 3 |  4- 6 || total
---------------------------+-------+-------++-------
  Melee: Unarmed           |    91 |   145 ||   236
   Stab: Sleeping          |     2 |       ||     2
         Distracted        |     1 |       ||     1
 Armour: Robe              |    23 |    64 ||    87
  Dodge: Dodged            |    32 |    55 ||    87
  Block: Kite shield       |    24 |    74 ||    98

Table legend: (Time is in decaauts)
 A = Elapsed time spent in this place.
 B = Non-inter-level travel time spent in this place.
 C = Inter-level travel time spent in this place.
 D = Time resting spent in this place.
 E = Time spent auto-exploring this place.
 F = Levels seen in this place.
 G = Mean time per level.
                   A        B        C        D        E       F      G
               +--------+--------+--------+--------+--------+-----+--------+
         Total |   2253 |   1998 |    255 |      0 |   1358 |   4 |  563.2 |
       Dungeon |   2253 |   1998 |    255 |      0 |   1358 |   4 |  563.2 |
               +--------+--------+--------+--------+--------+-----+--------+

Top non-repeatable levels by time:
     D:2: 963 daAuts
     D:1: 598 daAuts
     D:3: 578 daAuts
     D:4: 114 daAuts
